 Dungeon Crawl Stone Soup version 0.27-a0-686-gaed091b46b (webtiles) character file.

Game seed: 2093376128013449004

87 dolemite99 the Chopper (level 4, -8/39 HPs)
             Began as a Hill Orc Fighter on Mar 21, 2021.
             Killed from afar by an orc wizard (10 damage)
             ... with a puff of flame
             ... on level 4 of the Dungeon.
             The game lasted 00:02:35 (3271 turns).

dolemite99 the Chopper (Hill Orc Fighter)           Turns: 3271, Time: 00:02:36

Health: -8/39      AC:  8    Str: 17 (19) XL:     4   Next: 51%
Magic:  4/4        EV:  7    Int:  5 (8)  God:
Gold:   127        SH:  8    Dex:  8 (10) Spells: 3/3 levels left

rFire    . . .     SeeInvis .   a - +0 war axe
rCold    + . .     Faith    .   c - +0 kite shield
rNeg     . . .     Spirit   .   b - +0 scale mail
rPois    .         Reflect  .   f - +0 helmet
rElec    .         Harm     .   (no cloak)
rCorr    .         Rampage  .   (no gloves)
Will     .....                  (no boots)
Stlth    ..........             p - amulet of regeneration
HPRegen  1.13/turn              h - ring of protection from cold
MPRegen  0.09/turn              (no ring)

@: flying
A: no striking features
a: no special abilities


You were on level 4 of the Dungeon.
You visited 1 branch of the dungeon, and saw 4 of its levels.

You collected 127 gold pieces.

Inventory:

Hand Weapons
 a - a +0 war axe (weapon)
 j - a +0 falchion of electrocution
 s - a +1 mace of protection
Missiles
 i - 65 stones (quivered)
 m - 12 bolts
 n - 17 sling bullets
Armour
 b - a +0 scale mail (worn)
 c - a +0 kite shield (worn)
 f - a +0 helmet (worn)
Jewellery
 h - a ring of protection from cold (right hand)
 p - an amulet of regeneration (around neck)
Wands
 q - a wand of acid (11)
 r - a wand of digging (5)
Scrolls
 e - a scroll of brand weapon {unknown}
 o - a scroll of immolation {unknown}


   Skills:
 - Level 3.6 Fighting
 + Level 6.1 Axes
 - Level 3.2 Armour
 - Level 3.2 Shields


You had 3 spell levels left.
You didn't know any spells.
Your spell library was empty.

Dungeon Overview and Level Annotations

Branches:
Dungeon (4/15)
 Temple: D:4-7

Altars:


Message History

You barely miss something. You closely miss the orc.
You hit the orc but do no damage. Something hits you.
You block the orc's attack. The orc hits you with a +0 dagger.
You block the orc's attack.
You hear some strange, mumbled words.
You are confused.
The orc hits you with a +0 dagger.
* * * LOW HITPOINT WARNING * * *
You bump into the rock wall.
Something hits you but does no damage. The orc closely misses you.
The orc hits you with a +0 dagger.
* * * LOW HITPOINT WARNING * * *
You bump into the rock wall.
You hear some strange, mumbled words.
You are more confused.
The orc hits you but does no damage. x2
You feel very mighty all of a sudden. Something hits you but does no damage.
The orc hits you with a +0 falchion.
* * * LOW HITPOINT WARNING * * *
The orc barely misses you.
It was a potion of degeneration.
There was something very wrong with that liquid.
You feel weakened.
You feel dopey.
You feel clumsy. Something hits you but does no damage.
The orc hits you with a +0 falchion.
* * * LOW HITPOINT WARNING * * *
The orc hits you with a +0 dagger.
* * * LOW HITPOINT WARNING * * *
It was a potion of cancellation.
Your magical effects are unravelling.
You feel magically purged.
You feel less confused.
You feel a little less mighty now. You block the orc's attack.
Something hits you.
* * * LOW HITPOINT WARNING * * *
You block the orc's attack.
It was a potion of flight.
You feel very buoyant.
You fly up into the air.
You hear some strange, mumbled words.
A puff of flame appears from out of thin air!
The puff of flame hits you!
You die...

... #.#.. ..# ..#
#.#..##.##### # ..#
............#.##
..###...###..........#...
...............^.......#
..........#...........#
..........#..........#
.......<..#.....oo...#
................@{...#
...............###.###
................##.#
######..####..#.##[### ..
##....#.......).##(.(. #
####.#.####...†.(o..( #
#.#.###...../..... #
##.......#......... #
##...###########....


You could see 2 orcs.

Vanquished Creatures
  3 adders (D:3)
  3 worms
  6 orcs
  2 ball pythons
  5 giant cockroaches
  4 hobgoblins
  3 jackals (D:1)
  A quokka (D:4)
  5 bats
  2 frilled lizards
  4 goblins
  3 kobolds
  3 rats
44 creatures vanquished.

Vanquished Creatures (others)
  6 plants (D:2)
6 creatures vanquished.

Grand Total: 50 creatures vanquished

Notes
Turn   | Place    | Note
-------+----------+-------------------------------------------
     0 | D:1      | dolemite99 the Hill Orc Fighter began the quest for the
                  | Orb.
     0 | D:1      | Reached XP level 1. HP: 19/19 MP: 1/1
    66 | D:1      | Reached skill level 3 in Axes
   253 | D:1      | Reached XP level 2. HP: 26/26 MP: 2/2
   536 | D:1      | Reached skill level 4 in Axes
  1161 | D:2      | Reached XP level 3. HP: 26/31 MP: 3/3
  1894 | D:3      | Reached skill level 5 in Axes
  2598 | D:3      | Reached XP level 4. HP: 39/39 MP: 4/4
  3082 | D:3      | Reached skill level 6 in Axes
  3269 | D:4      | HP: 1/39 [orc/+0 dagger (3)]
  3271 | D:4      | Killed from afar by an orc wizard

Illustrated notes

Levels and vault maps discovered:
D:1:      moated_graveyard_arrival, layout_loops_ring, minmay_distorted
D:2:      layout_loops_ring, serial_bayou, serial_bayou_lake_a,
          serial_bayou_lagoon_a, serial_bayou_ford_a, serial_bayou_shore_b,
          hangedman_decor_push
D:3:      layout_loops_ring
D:4:      layout_rooms, ebering_ghost_disaster_area, kennysheep_small_circle

Skill      XL: |  1  2  3  4 |
---------------+-------------+-----
Axes           | 3 4 5 6 |  6.1
Fighting       | |  3.6
Armour         | |  3.2
Shields        | |  3.2

Action                   |  1- 3 |  4- 6 || total
-------------------------+-------+-------++-------
Melee: War axe           |    97 |    55 ||   152
Throw: Stone             |    14 |    17 ||    31
  Use: Potion            |       |     4 ||     4
Armor: Scale mail        |    53 |    27 ||    80
Dodge: Dodged            |    28 |    17 ||    45
Block: Kite shield       |    45 |    26 ||    71

Table legend: (Time is in decaauts)
 A = Elapsed time spent in this place.
 B = Non-inter-level travel time spent in this place.
 C = Inter-level travel time spent in this place.
 D = Time resting spent in this place.
 E = Time spent auto-exploring this place.
 F = Levels seen in this place.
 G = Mean time per level.
                   A        B        C        D        E       F      G
               +--------+--------+--------+--------+--------+-----+--------+
         Total |   3417 |   3352 |     65 |    806 |   1978 |   4 |  854.2 |
       Dungeon |   3417 |   3352 |     65 |    806 |   1978 |   4 |  854.2 |
               +--------+--------+--------+--------+--------+-----+--------+

Top non-repeatable levels by time:
     D:3: 1325 daAuts
     D:2: 1015 daAuts
     D:1: 963 daAuts
     D:4: 113 daAuts
